Map: Magannatha LE

Players

LigerMaNN - Winner!

  • Race: Zerg Zerg
  • League: Diamond
  • Spawn Location: 5:00

LLCoolBeans

  • Race: Zerg Zerg
  • League: Diamond
  • Spawn Location: 11:00

VOD

Have the link to the VOD?

Description

Time

  • Played on: June 30, 2025, 11:42 p.m.
  • Length: 10:01
Show
View Real Time Build Order
Export as new Build Order

LigerMaNN Zerg - Winner!

Build Orders: Hatch First 

Get SALT Encoding   

  12  0:00  Drone  
  13  0:12  Overlord  
  13  0:23  Drone  
  14  0:31  Drone x2  
  14  0:34  Drone  
  17  0:50  Hatchery  
  17  0:54  Drone  
  17  0:57  Drone  
  18  1:08  Extractor  
  17  1:14  Spawning Pool  
  17  1:16  Drone  
  17  1:19  Drone  
  18  1:28  Drone  
  19  1:41  Overlord  
  19  2:03  Zergling x6  
  19  2:04  Queen  
  19  2:05  Queen  
  26  2:15  Metabolic Boost  
  26  2:18  Drone x2  
  28  2:38  Drone x2  
  28  2:44  Overlord  
  30  2:45  Hatchery  
  30  2:50  Zergling x4  
  30  2:51  Zergling x2  
  32  3:09  Zergling x8  
  36  3:16  Baneling Nest  
  36  3:19  Spine Crawler  
  31  3:21  Zergling x4  
  31  3:22  Zergling x2  
  33  3:42  Zergling x12  
  30  3:54  Queen  
  29  4:01  Zergling x6  
  28  4:10  Baneling x3  
  28  4:12  Baneling  
  28  4:19  Drone x2  
  28  4:20  Drone  
  28  4:21  Drone  
  32  4:35  Queen  
  34  4:39  Drone x2  
  34  4:42  Drone  
  35  4:58  Drone x6  
  38  5:01  Drone  
  38  5:03  Drone  
  40  5:11  Lair  
  40  5:26  Drone x3  
  40  5:27  Extractor  
  42  5:31  Evolution Chamber  
  42  5:32  Roach Warren  
  40  5:44  Drone  
  40  5:45  Drone x3  
  44  5:51  Evolution Chamber  
  44  5:52  Evolution Chamber  
  44  5:55  Evolution Chamber  
  41  5:59  Drone  
  41  6:00  Drone  
  41  6:03  Drone x3, Extractor  
  41  6:04  Drone, Extractor  
  44  6:05  Drone x2  
  44  6:06  Overlord  
  47  6:17  Glial Reconstitution, Zerg Missile Weapons Level 1  
  47  6:26  Queen  
  47  6:27  Queen  
  51  6:47  Roach  
  51  6:48  Roach x2  
  51  6:50  Overlord x2  
  51  6:51  Overlord  
  57  7:13  Drone  
  57  7:14  Drone x8  
  62  7:29  Roach x3  
  66  7:42  Roach x3  
  72  7:50  Roach x3  
  78  7:52  Ravager  
  78  7:53  Ravager x2  
  78  7:54  Ravager  
  82  8:13  Overlord x3  
  82  8:14  Overlord x2  
  82  8:33  Roach x5  
  82  8:34  Roach x4  
  100  8:45  Roach  
  100  8:46  Roach x9  
  107  9:19  Roach x7  
  107  9:21  Zergling x2  
  107  9:22  Overlord x4  
  119  9:38  Roach  
  121  9:39  Overlord x6  
  121  9:40  Overlord  
Show
View Real Time Build Order
Export as new Build Order

LLCoolBeans Zerg 

Build Orders: Hatch First 

Get SALT Encoding   

  12  0:02  Drone  
  13  0:08  Drone  
  13  0:13  Extractor  
  13  0:15  Drone  
  13  0:20  Extractor  
  13  0:22  Drone  
  15  0:45  Hatchery  
  14  1:12  Overlord, Spawning Pool  
  13  1:21  Overlord  
  13  1:32  Overlord  
  13  1:37  Drone  
  14  1:45  Drone  
  15  1:55  Drone  
  15  1:59  Zergling x2  
  15  2:00  Metabolic Boost  
  17  2:05  Zergling x2  
  18  2:09  Zergling x2  
  19  2:15  Zergling x2  
  19  2:20  Zergling x2  
  21  2:26  Zergling x2  
  21  2:27  Baneling Nest  
  21  2:30  Zergling x2  
  22  2:38  Zergling x2  
  22  2:41  Zergling x2  
  24  2:48  Zergling x2  
  25  2:51  Zergling x2  
  26  2:59  Zergling x2  
  27  3:14  Zergling x6  
  30  3:20  Zergling x2  
  30  3:23  Zergling x2  
  32  3:31  Zergling x2  
  33  3:40  Zergling x2  
  31  3:43  Zergling x2  
  31  3:46  Zergling x2  
  25  3:58  Zergling x4  
  23  4:09  Drone x2  
  23  4:16  Drone  
  24  4:20  Drone, Queen  
  24  4:22  Queen  
  29  4:25  Drone  
  29  4:33  Baneling  
  29  4:35  Zergling x2  
  29  4:36  Zergling x2  
  29  4:38  Hatchery  
  29  4:42  Zergling x2  
  29  4:56  Zergling x4  
  29  4:57  Baneling x2  
  30  5:02  Zergling x4  
  32  5:08  Drone  
  32  5:12  Drone  
  34  5:18  Zergling x2  
  35  5:26  Zergling x2  
  36  5:31  Overlord  
  36  5:32  Overlord  
  36  5:46  Overlord  
  36  5:47  Overlord x2  
  36  5:52  Drone x3  
  36  5:53  Drone  
  36  5:57  Drone  
  41  6:04  Drone x2  
  41  6:05  Drone  
  41  6:10  Drone x4  
  48  6:14  Zergling x2  
  48  6:18  Zergling x2  
  50  6:20  Zergling x4  
  50  6:23  Zergling x4  
  54  6:25  Zergling x2  
  54  6:29  Zergling x2  
  56  6:35  Roach Warren  
  56  6:38  Lair  
  55  6:43  Drone x2  
  55  6:44  Drone  
  55  6:46  Drone  
  59  6:48  Drone  
  59  6:50  Drone  
  59  6:52  Drone  
  59  6:53  Drone  
  63  6:55  Drone  
  63  6:57  Drone  
  63  6:58  Drone  
  67  7:01  Drone  
  67  7:09  Drone x3  
  67  7:14  Drone  
  67  7:15  Extractor  
  55  7:27  Roach x2  
  55  7:28  Roach x3  
  62  7:34  Zergling x4  
  63  7:38  Zergling x2  
  63  7:41  Zergling x2  
  63  7:42  Queen  
  63  7:44  Overlord x3  
  67  7:45  Overlord  
  67  8:00  Drone  
  67  8:01  Drone x5  
  67  8:05  Extractor x2  
  72  8:06  Drone  
  72  8:07  Drone, Extractor  
  72  8:08  Extractor  
  72  8:11  Roach  
  73  8:14  Drone x3  
  73  8:15  Drone  
  77  8:22  Drone x2  
  79  8:31  Evolution Chamber  
  78  8:36  Drone x2  
  78  8:38  Roach  
  78  8:39  Roach  
  82  8:41  Roach  
  82  8:42  Roach x2  
  82  8:44  Roach x2  
  86  8:51  Roach  
  86  8:53  Roach  
  80  8:57  Roach  
  80  8:58  Roach  
  75  9:13  Roach x2  
  75  9:14  Roach x3  
  85  9:19  Roach x3  
  85  9:21  Roach  
  89  9:25  Roach x2  
  89  9:27  Roach  
  89  9:32  Roach x2  
Tags
 
Add a new tag
Caveats
  • Supply blocks, unpowered buildings, or Contaminate may cause inaccurate times.
  • Supply counts are checked every 10 seconds.